Map: Odyssey LE

Players

lllllllllllI - Winner!

  • Race: Protoss Protoss
  • League: Master
  • Spawn Location: 11:00

Faith

  • Race: Protoss Protoss
  • League: Diamond
  • Spawn Location: 5:00

VOD

Have the link to the VOD?

Description

Time

  • Played on: Jan. 11, 2018, 12:07 a.m.
  • Length: 4:22
Show
View Real Time Build Order
Export as new Build Order

lllllllllllI Protoss - Winner!

Build Orders: 1 Gate Expand 

Get SALT Encoding   

  12  0:00  Probe (Chrono Boost)  
  13  0:12  Probe (Chrono Boost)  
  14  0:16  Probe (Chrono Boost)  
  15  0:22  Pylon  
  15  0:40  Probe  
  16  0:44  Gateway  
  16  0:52  Probe  
  17  1:09  Pylon  
  17  1:14  Probe  
  18  1:31  Nexus  
  18  1:35  Pylon  
  18  1:44  Cybernetics Core  
  18  1:45  Zealot (Chrono Boost)  
  20  1:59  Pylon  
  20  2:03  Zealot (Chrono Boost)  
  22  2:21  Shield Battery  
  22  2:23  Zealot (Chrono Boost)  
  22  2:25  Shield Battery  
  22  2:27  Shield Battery  
  24  2:30  Shield Battery  
  24  2:34  Shield Battery  
  23  3:00  Pylon  
  15  3:23  Shield Battery  
  15  3:25  Shield Battery  
  12  3:28  Shield Battery  
  12  3:32  Probe (Chrono Boost)  
  14  3:42  Probe (Chrono Boost)  
Show
View Real Time Build Order
Export as new Build Order

Faith Protoss 

Build Orders:  

Get SALT Encoding   

  12  0:01  Probe  
  13  0:13  Probe  
  14  0:19  Pylon  
  14  0:25  Probe  
  15  0:37  Probe  
  16  0:43  Gateway  
  16  0:49  Probe  
  17  0:57  Assimilator  
  17  1:02  Probe  
  18  1:08  Assimilator  
  18  1:14  Probe  
  19  1:26  Probe (Chrono Boost)  
  20  1:37  Cybernetics Core  
  20  1:38  Probe (Chrono Boost)  
  20  1:39  Zealot (Chrono Boost)  
  23  1:47  Pylon  
  23  2:05  Probe  
  24  2:11  Gateway  
  24  2:13  Gateway  
  24  2:20  Stalker (Chrono Boost)  
  24  2:22  Warp Gate  
  26  2:43  Stalker  
  28  2:49  Probe  
  29  3:01  Probe  
  10  3:55  Sentry (Chrono Boost)  
Tags
 
Matchup
PvP
Spawn Locations
Cross Positions
Add a new tag
Caveats
  • Supply blocks, unpowered buildings, or Contaminate may cause inaccurate times.
  • Supply counts are checked every 10 seconds.